 Dungeon Crawl Stone Soup version 0.24.0-125-gc4c63601f3 (webtiles) character file.

Game seed: 5815943716565800346, levelgen mode: deterministic

27237 Peloso the Blocker (level 13, -3/116 HPs)
             Began as a Minotaur Fighter on Mar 18, 2020.
             Was the Champion of Okawaru.
             Killed from afar by a frost giant (27 damage)
             ... with a bolt of cold
             ... in an ice cave.
             The game lasted 00:29:29 (10516 turns).

Peloso the Blocker (Minotaur Fighter)              Turns: 10516, Time: 00:29:30

Health: -3/116     AC: 19    Str: 23    XL:     13   Next: 3%
Magic:  10/12      EV:  9    Int:  5    God:    Okawaru [******]
Gold:   767        SH: 14    Dex: 16    Spells: 12/12 levels left

rFire    . . .     SeeInvis +   d - +7 long sword of Havyril {slice, rN+ Dex+3 SInv}
rCold    . . .     Gourm    .   c - +0 shield
rNeg     + . .     Faith    .   s - +0 plate armour
rPois    +         Spirit   .   (helmet restricted)
rElec    .         Reflect  .   w - scarf {cloud immunity}
rCorr    .         Harm     .   v - +0 pair of gloves
MR       .....                  A - +1 pair of boots
Stlth    ..........             n - amulet of regeneration
HPRegen  0.69/turn              L - ring of see invisible
MPRegen  0.13/turn              y - ring of poison resistance

@: no status effects
A: retaliatory headbutt, horns 2, mutation resistance 1, MP-powered wands
a: Heroism, Finesse, Renounce Religion


You were in an ice cave.
You worshipped Okawaru.
Okawaru was exalted by your worship.
You were not hungry.

You visited 2 branches of the dungeon, and saw 14 of its levels.
You also visited: Ice Cave.

You collected 767 gold pieces.

Inventory:

Hand Weapons
 a - a +2 falchion of flaming
 b - the +8 short sword "Xofos" {freeze, rPois rF+}
   (You found it on level 6 of the Dungeon)

   It has been specially enchanted to freeze those struck by it, causing extra
   injury to most foes and up to half again as much damage against particularly
   susceptible opponents.
   It can also slow down cold-blooded creatures.
   It protects you from fire.
   It protects you from poison.
 d - the +7 long sword of Havyril (weapon) {slice, rN+ Dex+3 SInv}
   (Okawaru gifted it to you in an ice cave)

   It inflicts extra damage upon your enemies.
   It affects your dexterity (+3).
   It protects you from negative energy.
   It lets you see invisible.
Armour
 c - a +0 shield (worn)
 s - a +0 plate armour (worn)
 v - a +0 pair of gloves (worn)
 w - a scarf of cloud immunity (worn)
 A - a +1 pair of boots (worn)
Jewellery
 i - an uncursed amulet of rage
 m - a +5 ring of intelligence
 n - an amulet of regeneration (around neck)
 t - an uncursed ring of stealth
 x - a +2 ring of evasion
 y - a ring of poison resistance (right hand)
 G - an uncursed ring of resist corrosion
 H - an uncursed ring of magical power
 L - a ring of see invisible (left hand)
Wands
 E - a wand of polymorph (19)
 F - a wand of flame (57)
 J - a wand of disintegration (18)
 K - a wand of enslavement (6)
 M - a wand of acid (9)
 P - a wand of random effects (14)
Scrolls
 e - 7 scrolls of teleportation
 g - 11 scrolls of identify
 h - 7 scrolls of remove curse
 j - 3 scrolls of enchant weapon
 r - 3 scrolls of magic mapping
 u - 4 scrolls of noise {unknown}
 z - 3 scrolls of blinking {unknown}
 B - a scroll of fog {unknown}
 C - a scroll of acquirement {unknown}
 D - a scroll of enchant armour {unknown}
 I - a scroll of holy word {unknown}
 N - a scroll of immolation {unknown}
 O - a scroll of fear {unknown}
Potions
 k - 2 potions of brilliance
 l - 7 potions of curing {unknown}
 o - 3 potions of berserk rage {unknown}
 p - 2 potions of degeneration {unknown}
 q - a potion of cancellation {unknown}
 R - a potion of resistance {unknown}
Comestibles
 f - 36 rations
 Q - 3 chunks of flesh


   Skills:
 + Level 11.3 Fighting
 + Level 11.4(12.4) Short Blades
 + Level 9.4(12.1) Long Blades
 + Level 12.0 Armour
 + Level 4.0 Dodging
 + Level 1.4 Stealth
 + Level 13.7 Shields
 + Level 1.0 Invocations


You had 12 spell levels left.
You didn't know any spells.
Your spell library contained the following spells:

 Spells                   Type           Power        Failure   Level  Hunger
 Confusing Touch          Hex            #.....       100%        1    ##.....
 Confuse                  Hex            #.......     100%        3    ####...
 Gell's Gravitas          Tloc           #.........   100%        3    ####...
 Petrify                  Tmut/Erth      #.......     100%        4    #####..
 Metabolic Englaciation   Hex/Ice        #.........   100%        5    ######.
 Yara's Violent Unravell  Hex/Tmut       #.........   100%        5    ######.


Dungeon Overview and Level Annotations

Branches:
Dungeon (14/15)            Temple (1/1) D:4            Lair (0/6) D:9
    Orc (0/2) D:11          IceCv (1/1)
 Vaults: D:13-14

Altars:
Ashenzari
Cheibriados
Dithmenos
Elyvilon
Fedhas
Gozag
Hepliaklqana
Kikubaaqudgha
Makhleb
Nemelex Xobeh
Okawaru
Qazlal
Ru
Sif Muna
Trog
Uskayaw
Vehumet
Wu Jian
Xom
Yredelemnul
Zin
The Shining One
Beogh

Shops:
D:9 [

Annotations:
D:7 3 runed translucent doors, yackovtube's ghost, novice SpEn


Innate Abilities, Weirdness & Mutations

You reflexively headbutt those who attack you in melee.
You have a pair of horns on your head.
You are somewhat resistant to further mutation.
You expend magic power (3 MP) to strengthen your wands.


Message History

The frost giant is lightly wounded.
You slice the frost giant!!
You headbutt the frost giant, but do no damage.
The frost giant is heavily wounded.
The frost giant hits you with a +1 battleaxe of freezing!
The frost giant freezes you.
You slash the frost giant!
The frost giant is heavily wounded.
You slash the frost giant! Your headbutt misses the frost giant.
The frost giant is severely wounded.
You feel like a meek peon again. The frost giant casts a spell at you.
The bolt of cold hits you!!!
* * * LOW HITPOINT WARNING * * *
You hear an angry growl.
You hit the frost giant.
The frost giant is almost dead.
The frost giant gestures at you while chanting.
The bolt of cold hits you!!
You die... # h.. ### YCY

..### #.Y #...### #.h ###...#
##.. #..## ##Y. ###.####≈≈≈##Yh#
######..##≈≈≈###C####
..##...##≈≈≈≈≈≈#@)..### ###
..###..#≈≈≈≈≈≈≈≈####..#####.###
.##†.###≈≈≈≈≈≈≈≈≈≈####..##.#..###
..†### #≈≈≈≈≈≈≈##.#.####..####..#
#### #≈≈≈≈≈≈≈##).####### #..##
≈≈### ##≈≈≈#≈ ###....### ##...
###.#####†≈≈######....#...###..⌠.
....#.##≈≈##..##.....####..###†..
#....#††######......## ##......#


You could see a frost giant, a polar bear and 2 yaks.

Vanquished Creatures
  Rupert (D:12)
  A hydra (D:11)
  3 death yaks (IceCv)
  A two-headed ogre (D:12)
  Urug (D:10)
  A tengu warrior (D:14)
  Nergalle (D:11)
  Sonja (D:11)
  An unseen horror (D:14)
  A cyclops (D:9)
  A centaur zombie (D:14)
  2 gargoyles (D:12)
  An ice statue (IceCv)
  2 rime drakes (D:14)
  A kobold demonologist (D:12)
  A komodo dragon (D:10)
  8 polar bears (IceCv)
  2 trolls
  2 dream sheep (D:11)
  4 slime creatures (D:12)
  4 hippogriffs
  Sigmund (D:4)
  28 yaks
  A wraith (D:11)
  A shadow (D:12)
  Eustachio (D:4)
  Grum (D:10)
  A hungry ghost (D:12)
  5 vampire mosquitoes (D:12)
  A water moccasin (D:6)
  Edmund (D:4)
  A hornet zombie (D:10)
  A black bear (D:9)
  2 orc warriors
  2 ice beasts
  3 sky beasts
  2 phantoms
  22 wolves
  4 ogres
  A necrophage (D:7)
  2 crocodiles (D:10)
  6 centaurs
  5 big kobolds
  Blork the orc (D:4)
  8 bullfrogs
  3 scorpions
  A water moccasin skeleton (D:10)
  A wyvern skeleton (D:3)
  16 wights
  A howler monkey (D:4)
  A crimson imp (D:7)
  2 bullfrog zombies
  6 orc priests
  5 jellies
  2 centaur skeletons
  A bullfrog skeleton (D:7)
  2 hounds
  Terence (D:2)
  7 orc wizards
  3 iguanas
  8 worker ants
  2 hound zombies
  4 gnolls
  A howler monkey skeleton (D:6)
  8 adders
  2 shadow imps
  An ooze (D:1)
  2 adder skeletons (D:5)
  2 worms
  3 leopard geckos
  34 orcs
  6 giant cockroaches
  4 goblins
  5 hobgoblins
  7 jackals
  3 quokkas (D:3)
  A ball python (D:5)
  A ball python skeleton (D:5)
  8 bats
  5 frilled lizards
  A jackal skeleton (D:6)
  A jackal zombie (D:6)
  5 kobolds
  A leopard gecko skeleton (D:7)
  2 rats
310 creatures vanquished.

Vanquished Creatures (others)
  A yak (IceCv)
1 creature vanquished.

Grand Total: 311 creatures vanquished

Notes
Turn   | Place    | Note
-------+----------+-------------------------------------------
     0 | D:1      | Peloso the Minotaur Fighter began the quest for the Orb.
     0 | D:1      | Reached XP level 1. HP: 19/19 MP: 0/0
   101 | D:1      | Reached XP level 2. HP: 27/27 MP: 1/1
   197 | D:1      | Gained mutation: You are somewhat resistant to further
                  | mutation. [potion of mutation]
   197 | D:1      | Gained mutation: You expend magic power (3 MP) to
                  | strengthen your wands. [potion of mutation]
   333 | D:1      | Reached skill level 4 in Shields
   635 | D:1      | Reached XP level 3. HP: 33/33 MP: 2/2
   775 | D:2      | Noticed Terence
   790 | D:2      | Killed Terence
   831 | D:2      | Found an ornate altar of the Wu Jian Council.
   831 | D:2      | You fall into a shaft and drop 2 floors!
   836 | D:4      | Noticed Sigmund
   922 | D:2      | Reached XP level 4. HP: 34/41 MP: 3/3
  1761 | D:3      | Found a shimmering altar of Xom.
  1922 | D:3      | Reached XP level 5. HP: 42/47 MP: 4/4
  2071 | D:3      | Found a blossoming altar of Fedhas.
  2250 | D:3      | Reached skill level 1 in Dodging
  2323 | D:3      | Found a white marble altar of Elyvilon.
  2389 | D:4      | Noticed Eustachio
  2429 | D:4      | Killed Eustachio
  2429 | D:4      | Reached skill level 5 in Long Blades
  2429 | D:4      | Reached skill level 5 in Shields
  2429 | D:4      | Reached XP level 6. HP: 28/55 MP: 5/5
  2452 | D:4      | Noticed Edmund
  2465 | D:4      | Killed Edmund
  2465 | D:4      | Reached skill level 5 in Fighting
  2469 | D:4      | Found a staircase to the Ecumenical Temple.
  2484 | Temple   | Entered the Ecumenical Temple
  2668 | Temple   | Became a worshipper of Warmaster Okawaru
  2719 | D:4      | Reached skill level 5 in Armour
  2719 | D:4      | Reached XP level 7. HP: 61/61 MP: 6/6
  2732 | D:4      | Noticed Blork the orc
  2744 | D:4      | Killed Blork the orc
  2981 | D:4      | Killed Sigmund
  3000 | D:4      | Reached skill level 6 in Shields
  3153 | D:4      | Reached * piety under Okawaru
  3399 | D:5      | Entered Level 5 of the Dungeon
  3827 | D:4      | Reached XP level 8. HP: 70/70 MP: 7/7
  4620 | D:6      | Reached skill level 7 in Shields
  4716 | D:6      | Got a jewelled short sword
  4717 | D:6      | Identified the +8 short sword "Xofos" {freeze, rPois rF+}
                  | (You found it on level 6 of the Dungeon)
  4769 | D:6      | Noticed a hippogriff
  4786 | D:6      | Killed a hippogriff
  4837 | D:6      | Reached skill level 1 in Short Blades
  4900 | D:6      | Reached ** piety under Okawaru
  5077 | D:6      | Reached XP level 9. HP: 78/78 MP: 8/8
  5466 | D:7      | Found a runed translucent gate.
  5467 | D:7      | Identified the +8 quarterstaff of Eternal Vigilance {crush,
                  | SInv}
  5467 | D:7      | Identified the +9 plate armour of Voroo {Str+7}
  5482 | D:7      | Reached skill level 8 in Shields
  5484 | D:7      | Noticed yackovtube's ghost (novice SpEn)
  5542 | D:7      | Found a hazy altar of Hepliaklqana.
  5661 | D:7      | Found a sparkling altar of Nemelex Xobeh.
  5742 | D:7      | Found a runed translucent gate.
  5743 | D:7      | Found a runed translucent gate.
  5748 | D:7      | Found a roughly hewn altar of Beogh.
  5961 | D:8      | Reached *** piety under Okawaru
  5971 | D:8      | Reached skill level 5 in Short Blades
  5983 | D:8      | Reached skill level 9 in Shields
  6007 | D:8      | Found an ancient bone altar of Kikubaaqudgha.
  6117 | D:8      | Reached XP level 10. HP: 82/88 MP: 9/9
  6581 | D:9      | Noticed a cyclops
  6591 | D:9      | Killed a cyclops
  6591 | D:9      | Reached **** piety under Okawaru
  6731 | D:9      | Found a staircase to the Lair.
  6891 | D:9      | Found Vedoargha's Armour Shop.
  6988 | D:10     | Entered Level 10 of the Dungeon
  7003 | D:10     | Noticed Urug
  7057 | D:10     | Killed Urug
  7057 | D:10     | Reached skill level 10 in Shields
  7449 | D:10     | Reached skill level 10 in Armour
  7621 | D:10     | Reached ***** piety under Okawaru
  7636 | D:10     | Reached skill level 11 in Shields
  7636 | D:10     | Reached XP level 11. HP: 82/97 MP: 10/10
  7641 | D:10     | Noticed Grum
  7659 | D:10     | Killed Grum
  7882 | D:11     | Found a staircase to the Orcish Mines.
  7955 | D:11     | Noticed Nergalle
  7964 | D:11     | Killed Nergalle
  7964 | D:11     | Received a gift from Okawaru
  8327 | D:11     | Noticed a three-headed hydra
  8331 | D:11     | Killed a one-headed hydra
  8445 | D:11     | Noticed Sonja
  8456 | D:11     | Killed Sonja
  8621 | D:11     | Reached skill level 1 in Stealth
  9153 | D:12     | Reached skill level 10 in Short Blades
  9179 | D:12     | Noticed a sun demon
  9179 | D:12     | Received a gift from Okawaru
  9179 | D:12     | Reached skill level 12 in Shields
  9369 | D:12     | Noticed a two-headed ogre
  9373 | D:12     | Killed a two-headed ogre
  9373 | D:12     | Reached skill level 10 in Fighting
  9374 | D:12     | Found a sacrificial altar of Ru.
  9386 | D:12     | Noticed Rupert
  9424 | D:12     | Killed Rupert
  9424 | D:12     | Reached ****** piety under Okawaru
  9424 | D:12     | Reached XP level 12. HP: 38/106 MP: 9/11
  9577 | D:12     | You fall into a shaft and drop 2 floors!
  9639 | D:14     | Noticed a tengu warrior
  9664 | D:14     | Killed a tengu warrior
  9715 | D:14     | Found a frozen archway.
  9729 | IceCv    | Entered an ice cave
 10087 | IceCv    | Received a gift from Okawaru
 10118 | IceCv    | Got a shimmering long sword {god gift}
 10120 | IceCv    | Identified the +7 long sword of Havyril {slice, rN+ Dex+3
                  | SInv} (Okawaru gifted it to you in an ice cave)
 10129 | IceCv    | Reached skill level 13 in Shields
 10202 | IceCv    | Reached skill level 1 in Invocations
 10385 | IceCv    | Noticed a death yak
 10411 | IceCv    | Killed a death yak
 10487 | IceCv    | Noticed a death yak
 10487 | IceCv    | Noticed a frost giant
 10487 | IceCv    | Noticed a death yak
 10504 | IceCv    | Killed a death yak
 10504 | IceCv    | Received a gift from Okawaru
 10504 | IceCv    | Reached XP level 13. HP: 83/116 MP: 9/12
 10516 | IceCv    | Killed from afar by a frost giant

Levels and vault maps discovered:
D:1:      minmay_arrival_checkered_box, layout_loops_cross,
          minmay_misc_feat_roman
D:2:      layout_basic, overflow_temple_1_default, minmay_crystal_water,
          eino_tiny_chamber, minmay_misc_feat_hallway, uniq_terence
D:3:      layout_loops_ring, lemuel_round_altar, fedhas_ov_isle_minmay,
          nicolae_overflow_crystal_walls, first_ration
D:4:      layout_cave_pools, minmay_temple_entry_ruins, grunt_ministairs_6,
          hangedman_abyss_or_decor_stabs, uniq_blork_the_orc, uniq_sigmund,
          uniq_eustachio, uniq_edmund
D:5:      layout_gridville
D:6:      minmay_spotlight, layout_loops_ring, minmay_checkerbox
D:7:      layout_cave_pools, lemuel_round_altar, lemuel_crystal_altar,
          biasface_ghost_orc_armoury, minivault_26
D:8:      layout_loops_ring, lemuel_doored_altar
D:9:      layout_big_octagon, lair_entry_dummy, serial_shops, shop_fountains
D:10:     layout_basic, uniq_urug, uniq_grum
D:11:     layout_basic, orc_0_dummy, hangedman_ranch [blue_anna_fruit_fields],
          uniq_sonja, uniq_nergalle
D:12:     layout_rooms, basic_altar, uniq_rupert
D:14:     layout_loops_cross, serial_ice, serial_ice_e, serial_ice_k,
          serial_ice_b, serial_ice_n, portal_ice_cave_rime,
          kennysheep_decorative_pillar, ebering_ghost_reflecting_pool,
          kennysheep_small_square
Temple:   regret_index_temple_generic_petals
IceCv:    ice_cave_caverns_02

Skill      XL: |  1  2  3  4  5  6  7  8  9 10 11 12 13 |
---------------+----------------------------------------+-----
Fighting       | 4 5 6 7 9 10 11 | 11.3
Shields        | 4 5 6 7 9 11 12 13 | 13.7
Armour         | 4 5 6 7 9 10 11 12 | 12.0
Long Blades    | 3 5 6 7 8 9 |  9.4
Dodging        | 1 2 3 4 |  4.0
Short Blades   | 1 6 8 10 11 | 11.4
Stealth        | 1 |  1.4
Invocations    | 1 |  1.0

Action                   |  1- 3 |  4- 6 |  7- 9 | 10-12 | 13-15 || total
-------------------------+-------+-------+-------+-------+-------++-------
Melee: Long sword        |    48 |   117 |   180 |   137 |    11 ||   493
       Headbutt          |     5 |    19 |    82 |   209 |     2 ||   317
       Short sword       |       |       |   155 |   513 |       ||   668
       Falchion          |       |       |       |   104 |       ||   104
Invok: Heroism           |       |       |       |     7 |       ||     7
  Use: Potion            |     2 |       |       |     2 |       ||     4
       Scroll            |       |     4 |       |     2 |       ||     6
  Eat: Chunk             |       |     6 |    10 |    16 |       ||    32
Armor: Scale mail        |    28 |    24 |       |       |       ||    52
       Plate armour      |       |    59 |   179 |   347 |     1 ||   586
Dodge: Dodged            |    22 |    30 |    62 |   184 |     1 ||   299
Block: Shield            |    31 |    87 |   184 |   467 |     2 ||   771
       Rpst.: Long sword |     5 |    11 |    11 |     6 |       ||    33
       Falchion          |       |       |       |     3 |       ||     3
